 Dungeon Crawl Stone Soup version 0.31-a0-152-g6aa68a64a1 (webtiles) character file.

Game seed: 15575250015778284970

1579 qw the Chopper (level 8, -2/49 HPs)
             Began as a Gargoyle Fighter on June 10, 2023.
             Was a Follower of Okawaru.
             Slain by a +1 spectral quarterstaff (4 damage)
             ... created by Joseph
             ... on level 7 of the Dungeon.
             The game lasted 00:05:07 (5679 turns).

qw the Chopper (Gargoyle Fighter)                   Turns: 5679, Time: 00:05:08

Health: -2/49      AC: 25    Str: 21    XL:     8   Next: 91%
Magic:  9/11       EV:  8    Int: 10    God:    Okawaru [*.....]
Gold:   343        SH:  5    Dex:  9    Spells: 7/7 levels left

rFire   . . .        Y - +1 war axe (spect)
rCold   . . .        c - +0 buckler
rNeg    + . .        h - +0 plate armour
rPois   inf          m - +2 helmet
rElec   +            (no cloak)
rCorr   .            (no gloves)
SInv    .            k - +0 pair of boots
Will    .....        (no amulet) Stlth
                     (no ring)
HPRegen 0.28/turn    (no ring)
MPRegen 0.12/turn

%: no passive effects
@: about to teleport, heroic
A: sickness immunity, AC +5, negative energy resistance 1, electricity
resistance, torment resistance 1, petrification resistance
a: Renounce Religion, Heroism


You were on level 7 of the Dungeon.
You worshipped Okawaru.
Okawaru was aware of your devotion.
You visited 2 branches of the dungeon, and saw 8 of its levels.

You collected 343 gold pieces.


Innate Abilities, Weirdness & Mutations

You are immune to sickness and miasma.
Your stone body is resilient. (AC +5)
You are immune to poison.
You resist negative energy. (rN+)
You are resistant to electric shocks. (rElec)
You are resistant to unholy torment.
You are immune to petrification.


   Skills:
 - Level 5.1(10.1) Fighting
 + Level 7.3(12.3) Axes
 - Level 2.6(7.6) Throwing
 - Level 5.2(10.2) Armour
 - Level 1.2(6.2) Dodging
 - Level 3.2(8.2) Shields
 - Level 4.1 Invocations


You had 7 spell levels left.
You didn't know any spells.
Your spell library was empty.

Inventory:

Hand Weapons
 s - a +0 morningstar
 Y - a +1 spectral war axe (weapon)
Missiles
 g - a javelin (quivered)
Armour
 c - a +0 buckler (worn)
 h - a +0 plate armour (worn)
 k - a +0 pair of boots (worn)
 m - a +2 helmet (worn)
Scrolls
 a - a scroll of identify
 b - 2 scrolls of teleportation
 q - a scroll of poison {unknown}
Potions
 d - 2 potions of might
 e - a potion of heal wounds {unknown}
 f - 2 potions of curing
 i - a potion of haste
 j - a potion of attraction
 l - a potion of enlightenment {unknown}
 n - a potion of lignification
 o - a potion of berserk rage {unknown}
 p - a potion of resistance {unknown}
 r - a potion of magic {unknown}

Dungeon Overview and Level Annotations

Branches:
Dungeon (7/15)             Temple (1/1) D:4

Altars:
Cheibriados
Dithmenos
Elyvilon
Fedhas
Gozag
Kikubaaqudgha
Nemelex Xobeh
Okawaru
Qazlal
Ru
Sif Muna
Trog
Uskayaw
Vehumet
Wu Jian
Xom
Yredelemnul
Zin

Annotations:
D:7 Joseph


Message History

Enter note:
Enter note: You slash Joseph!
Joseph is lightly wounded.
You slash the +1 spectral quarterstaff!
Joseph shares his spectral weapon's damage!
Your +1 spectral war axe hits Joseph.
Your +1 spectral war axe hits the +1 spectral quarterstaff. x2
Joseph shares his spectral weapon's damage!
Your +1 spectral war axe hits Joseph.
Joseph closely misses you.
The +1 spectral quarterstaff hits you but does no damage.
You closely miss Joseph.
Joseph is moderately wounded.
You miss the +1 spectral quarterstaff.
Your +1 spectral war axe hits Joseph.
Your +1 spectral war axe barely misses the +1 spectral quarterstaff.
Your +1 spectral war axe closely misses the +1 spectral quarterstaff.
Your +1 spectral war axe hits Joseph!
The +1 spectral quarterstaff hits you! Joseph says, "I'm happy to see you.
And I'll be happy to kill you." Joseph hits you but does no damage.
The +1 spectral quarterstaff hits you but does no damage.
You slice Joseph!!
Joseph is severely wounded.
You miss the +1 spectral quarterstaff.
Your +1 spectral war axe barely misses Joseph.
Your +1 spectral war axe completely misses the +1 spectral quarterstaff.
Your +1 spectral war axe closely misses the +1 spectral quarterstaff.
Your +1 spectral war axe barely misses Joseph.
The +1 spectral quarterstaff barely misses you.
Joseph misses you.
You block the +1 spectral quarterstaff's attack.
The +1 spectral quarterstaff hits you but does no damage.
Joseph hits you with a +1 spectral quarterstaff!
The +1 spectral quarterstaff hits you!
5679 ||| READING 3 scrolls of teleportation.
As you read the scroll of teleportation, it crumbles to dust.
You feel strangely unstable.
Your +1 spectral war axe disappears.
The +1 spectral quarterstaff hits you.
You die...

....##.. #.......
#....... #......#
##......# #.......# #
#.....(@# ###.##
#............@# ......
.
#......!......##.#..##
.
....................(
....#.###....~~~~~~~ #
.....# #....~##### #
#...# #...)~#...#
#######...#
####.~).\.# ##....#.<#
##....~#...#
......#.##
##.....~#####~


You could see Joseph (fast) and a +1 spectral quarterstaff.

Vanquished Creatures
  Grinder (D:6)
  Eustachio (D:5)
  2 water moccasins
  3 black bears
  A centaur (D:7)
  2 scorpions (D:6)
  A howler monkey (D:7)
  2 hounds
  An orc priest (D:5)
  2 jellies
  2 sleepcaps (D:6)
  Jessica (D:2)
  3 iguanas
  2 orc wizards
  A gnoll (D:1)
  7 adders
  A white imp (D:6)
  An ufetubus (D:7)
  3 worms
  2 dart slugs (D:2)
  7 orcs (D:5)
  3 bats
  5 endoplasms
  6 giant cockroaches
  8 goblins
  6 hobgoblins
  7 jackals
  8 kobolds
  A quokka (D:2)
  2 ball pythons (D:2)
  2 frilled lizards
  3 rats
97 creatures vanquished.

Notes
Turn   | Place    | Note
-------+----------+-------------------------------------------
     0 | D:1      | qw the Gargoyle Fighter began the quest for the Orb.
     0 | D:1      | Reached XP level 1. HP: 14/14 MP: 1/1
     0 | D:1      | 0 ||| qw: Version: 0.2-a-29-g8b02136
     0 | D:1      | 0 ||| qw: Game counter: 3823
     0 | D:1      | 0 ||| qw: Always use a shield: true
     0 | D:1      | 0 ||| qw: God list: Okawaru
     0 | D:1      | 0 ||| qw: Allow faded altars: false
     0 | D:1      | 0 ||| qw: Do Orc after D:15 true
     0 | D:1      | 0 ||| qw: Do second Lair branch before Depths: true
     0 | D:1      | 0 ||| qw: Lair rune preference: random
     0 | D:1      | 0 ||| qw: Plans: Normal, Zot:1-4, Slime:5, God:TSO, Crypt,
                  | Tomb, Abyss, Pan, Hells, Win
     0 | D:1      | 0 ||| PLANNING D:1-11
    19 | D:1      | Reached skill level 2 in Axes
   249 | D:1      | Reached XP level 2. HP: 12/19 MP: 2/2
   552 | D:1      | 552 ||| Stepping ~*~*~tactically~*~*~ (stealth).
   553 | D:1      | 553 ||| Stepping ~*~*~tactically~*~*~ (stealth).
   554 | D:1      | 554 ||| DROPPING +0 club.
   572 | D:1      | Reached skill level 3 in Axes
   746 | D:1      | 746 ||| UPGRADING to +0 plate armour.
   756 | D:1      | 756 ||| DROPPING +0 scale mail.
   757 | D:1      | 757 ||| UPGRADING to +0 pair of boots.
   762 | D:1      | 762 ||| READING scroll labelled TOLAPHE LOPTOPH.
   766 | D:1      | 766 ||| READING scroll labelled JOSETUDUAFA.
   767 | D:1      | 767 ||| DRINKING 2 sedimented green potions.
   884 | D:2      | Reached XP level 3. HP: 23/23 MP: 3/3
   964 | D:2      | 964 ||| READING scroll labelled LYJILA ZEUS.
  1061 | D:2      | Noticed Jessica
  1062 | D:2      | 1062 ||| Stepping ~*~*~tactically~*~*~ (hiding).
  1063 | D:2      | 1063 ||| Stepping ~*~*~tactically~*~*~ (hiding).
  1075 | D:2      | Killed Jessica
  1076 | D:2      | Reached XP level 4. HP: 25/28 MP: 4/4
  1082 | D:2      | 1082 ||| Stepping ~*~*~tactically~*~*~ (stealth).
  1083 | D:2      | 1083 ||| Stepping ~*~*~tactically~*~*~ (stealth).
  1085 | D:2      | 1085 ||| Stepping ~*~*~tactically~*~*~ (stealth).
  1088 | D:2      | 1088 ||| Stepping ~*~*~tactically~*~*~ (hiding).
  1090 | D:2      | 1090 ||| Stepping ~*~*~tactically~*~*~ (hiding).
  1091 | D:2      | 1091 ||| Stepping ~*~*~tactically~*~*~ (hiding).
  1092 | D:2      | 1092 ||| Stepping ~*~*~tactically~*~*~ (hiding).
  1093 | D:2      | 1093 ||| Stepping ~*~*~tactically~*~*~ (hiding).
  1148 | D:2      | Reached skill level 4 in Axes
  1389 | D:2      | 1389 ||| UPGRADING to +0 helmet.
  1394 | D:2      | 1394 ||| READING scroll labelled KUTZEA QUSIERR.
  1436 | D:3      | 1436 ||| Stepping ~*~*~tactically~*~*~ (stealth).
  1438 | D:3      | 1438 ||| Stepping ~*~*~tactically~*~*~ (stealth).
  1759 | D:3      | Found a hide-covered altar of Uskayaw.
  1759 | D:3      | Noticed a +0 dagger
  1759 | D:3      | Noticed a +0 spear
  1760 | D:3      | Noticed a +0 falchion
  1766 | D:3      | Noticed a +0 short sword
  1767 | D:3      | Noticed a +0 falchion
  1767 | D:3      | Noticed a +0 dagger
  1768 | D:3      | Noticed a +0 spear
  1768 | D:3      | Noticed a +0 short sword
  1891 | D:3      | Reached XP level 5. HP: 32/32 MP: 5/5
  2169 | D:3      | 2169 ||| DROPPING +0 whip.
  2295 | D:3      | 2295 ||| UPGRADING to +2 helmet.
  2305 | D:3      | 2305 ||| DROPPING +0 helmet.
  2306 | D:3      | 2306 ||| READING scroll labelled ESUKHU GOGANU.
  2307 | D:3      | 2307 ||| DRINKING 2 fuming blue potions.
  2308 | D:3      | 2308 ||| DRINKING 2 murky purple potions.
  2368 | D:4      | Reached skill level 5 in Axes
  2612 | D:4      | 2612 ||| Stepping ~*~*~tactically~*~*~ (stealth).
  2614 | D:4      | 2614 ||| Stepping ~*~*~tactically~*~*~ (stealth).
  2618 | D:4      | 2618 ||| Stepping ~*~*~tactically~*~*~ (stealth).
  2676 | D:4      | 2676 ||| Stepping ~*~*~tactically~*~*~ (hiding).
  2678 | D:4      | 2678 ||| Stepping ~*~*~tactically~*~*~ (hiding).
  2680 | D:4      | 2680 ||| Stepping ~*~*~tactically~*~*~ (hiding).
  2681 | D:4      | 2681 ||| Stepping ~*~*~tactically~*~*~ (hiding).
  2682 | D:4      | 2682 ||| Stepping ~*~*~tactically~*~*~ (hiding).
  2789 | D:4      | Found a staircase to the Ecumenical Temple.
  2790 | D:4      | 2790 ||| PLANNING TEMPLE
  2790 | D:4      | 2790 ||| READING scroll labelled KILIELAIDU.
  2791 | D:4      | 2791 ||| READING scroll labelled CAXO XAODOST.
  2792 | D:4      | 2792 ||| READING scroll labelled LUADIZUZIG.
  2801 | Temple   | Entered the Ecumenical Temple
  2802 | Temple   | 2802 ||| PLANNING OKAWARU WORSHIP
  2815 | Temple   | Became a worshipper of Warmaster Okawaru
  2815 | Temple   | 2815 ||| PLANNING D:1-11
  3073 | D:4      | Found a basalt altar of Yredelemnul.
  3113 | D:4      | You fall into a shaft and drop 3 floors!
  3155 | D:7      | Noticed a water moccasin
  3176 | D:7      | 3176 ||| Stepping ~*~*~tactically~*~*~ (stealth).
  3194 | D:7      | Killed a water moccasin
  3195 | D:7      | Reached XP level 6. HP: 25/40 MP: 6/6
  3308 | D:7      | Reached skill level 1 in Throwing
  3377 | D:7      | 3377 ||| DRINKING 2 murky silvery potions.
  3378 | D:7      | 3378 ||| DRINKING potion of curing.
  3378 | D:7      | 3378 ||| (to cure confusion)
  3379 | D:7      | 3379 ||| DROPPING potion of ambrosia.
  3391 | D:6      | Noticed Grinder
  3392 | D:6      | Paralysed by Grinder for 2 turns
  3404 | D:6      | Killed Grinder
  3404 | D:6      | Reached * piety under Okawaru
  3405 | D:6      | Reached skill level 6 in Axes
  3405 | D:6      | Reached XP level 7. HP: 31/44 MP: 7/7
  3472 | D:5      | Entered Level 5 of the Dungeon
  3487 | D:5      | Noticed Eustachio
  3488 | D:5      | 3488 ||| INVOKING Heroism.
  3491 | D:5      | 3491 ||| Stepping ~*~*~tactically~*~*~ (hiding).
  3494 | D:5      | 3494 ||| Stepping ~*~*~tactically~*~*~ (hiding).
  3495 | D:5      | 3495 ||| INVOKING Heroism.
  3506 | D:5      | 3506 ||| INVOKING Heroism.
  3513 | D:5      | Killed Eustachio
  3518 | D:5      | 3518 ||| INVOKING Heroism.
  3526 | D:5      | Reached skill level 1 in Invocations
  3581 | D:5      | 3581 ||| INVOKING Heroism.
  3596 | D:5      | Reached XP level 8. HP: 47/48 MP: 6/9
  3599 | D:5      | 3599 ||| Stepping ~*~*~tactically~*~*~ (stealth).
  3631 | D:5      | 3631 ||| READING scroll labelled VESOATO KUEWN.
  4380 | D:5      | 4380 ||| INVOKING Heroism.
  4386 | D:5      | Reached skill level 3 in Invocations
  4617 | D:5      | 4617 ||| INVOKING Heroism.
  4676 | D:5      | 4676 ||| READING scroll labelled RYEDUO DALL.
  4720 | D:6      | 4720 ||| INVOKING Heroism.
  4763 | D:6      | Reached skill level 7 in Axes
  4965 | D:6      | Found a sacrificial altar of Ru.
  4969 | D:6      | 4969 ||| Stepping ~*~*~tactically~*~*~ (stealth).
  4992 | D:6      | 4992 ||| INVOKING Heroism.
  4999 | D:6      | Reached skill level 1 in Dodging
  5176 | D:6      | 5176 ||| DROPPING +0 mace.
  5308 | D:6      | 5308 ||| DRINKING 2 brown potions.
  5373 | D:7      | 5373 ||| Stepping ~*~*~tactically~*~*~ (water).
  5375 | D:7      | 5375 ||| Stepping ~*~*~tactically~*~*~ (water).
  5377 | D:7      | 5377 ||| Stepping ~*~*~tactically~*~*~ (water).
  5379 | D:7      | 5379 ||| Stepping ~*~*~tactically~*~*~ (water).
  5381 | D:7      | 5381 ||| Stepping ~*~*~tactically~*~*~ (water).
  5383 | D:7      | 5383 ||| Stepping ~*~*~tactically~*~*~ (water).
  5385 | D:7      | 5385 ||| Stepping ~*~*~tactically~*~*~ (water).
  5387 | D:7      | 5387 ||| Stepping ~*~*~tactically~*~*~ (water).
  5389 | D:7      | 5389 ||| Stepping ~*~*~tactically~*~*~ (water).
  5391 | D:7      | 5391 ||| Stepping ~*~*~tactically~*~*~ (water).
  5393 | D:7      | 5393 ||| Stepping ~*~*~tactically~*~*~ (water).
  5395 | D:7      | 5395 ||| Stepping ~*~*~tactically~*~*~ (water).
  5397 | D:7      | 5397 ||| Stepping ~*~*~tactically~*~*~ (water).
  5399 | D:7      | 5399 ||| Stepping ~*~*~tactically~*~*~ (water).
  5401 | D:7      | 5401 ||| Stepping ~*~*~tactically~*~*~ (water).
  5403 | D:7      | 5403 ||| Stepping ~*~*~tactically~*~*~ (water).
  5405 | D:7      | 5405 ||| Stepping ~*~*~tactically~*~*~ (water).
  5407 | D:7      | 5407 ||| Stepping ~*~*~tactically~*~*~ (water).
  5409 | D:7      | 5409 ||| Stepping ~*~*~tactically~*~*~ (water).
  5411 | D:7      | 5411 ||| Stepping ~*~*~tactically~*~*~ (water).
  5413 | D:7      | 5413 ||| Stepping ~*~*~tactically~*~*~ (water).
  5415 | D:7      | 5415 ||| Stepping ~*~*~tactically~*~*~ (water).
  5417 | D:7      | 5417 ||| Stepping ~*~*~tactically~*~*~ (water).
  5419 | D:7      | 5419 ||| Stepping ~*~*~tactically~*~*~ (water).
  5421 | D:7      | 5421 ||| Stepping ~*~*~tactically~*~*~ (water).
  5423 | D:7      | 5423 ||| Stepping ~*~*~tactically~*~*~ (water).
  5425 | D:7      | 5425 ||| Stepping ~*~*~tactically~*~*~ (water).
  5427 | D:7      | 5427 ||| Stepping ~*~*~tactically~*~*~ (water).
  5429 | D:7      | 5429 ||| Stepping ~*~*~tactically~*~*~ (water).
  5431 | D:7      | 5431 ||| Stepping ~*~*~tactically~*~*~ (water).
  5433 | D:7      | 5433 ||| Stepping ~*~*~tactically~*~*~ (water).
  5435 | D:7      | 5435 ||| Stepping ~*~*~tactically~*~*~ (water).
  5437 | D:7      | 5437 ||| Stepping ~*~*~tactically~*~*~ (water).
  5439 | D:7      | 5439 ||| Stepping ~*~*~tactically~*~*~ (water).
  5441 | D:7      | 5441 ||| Stepping ~*~*~tactically~*~*~ (water).
  5443 | D:7      | 5443 ||| Stepping ~*~*~tactically~*~*~ (water).
  5445 | D:7      | 5445 ||| Stepping ~*~*~tactically~*~*~ (water).
  5447 | D:7      | 5447 ||| Stepping ~*~*~tactically~*~*~ (water).
  5449 | D:7      | 5449 ||| Stepping ~*~*~tactically~*~*~ (water).
  5451 | D:7      | 5451 ||| Stepping ~*~*~tactically~*~*~ (water).
  5453 | D:7      | 5453 ||| Stepping ~*~*~tactically~*~*~ (water).
  5455 | D:7      | 5455 ||| Stepping ~*~*~tactically~*~*~ (water).
  5457 | D:7      | 5457 ||| Stepping ~*~*~tactically~*~*~ (water).
  5459 | D:7      | 5459 ||| Stepping ~*~*~tactically~*~*~ (water).
  5461 | D:7      | 5461 ||| Stepping ~*~*~tactically~*~*~ (water).
  5463 | D:7      | 5463 ||| Stepping ~*~*~tactically~*~*~ (water).
  5465 | D:7      | 5465 ||| Stepping ~*~*~tactically~*~*~ (water).
  5467 | D:7      | 5467 ||| Stepping ~*~*~tactically~*~*~ (water).
  5469 | D:7      | 5469 ||| Stepping ~*~*~tactically~*~*~ (water).
  5471 | D:7      | 5471 ||| Stepping ~*~*~tactically~*~*~ (water).
  5473 | D:7      | 5473 ||| Stepping ~*~*~tactically~*~*~ (water).
  5475 | D:7      | 5475 ||| Stepping ~*~*~tactically~*~*~ (water).
  5477 | D:7      | 5477 ||| Stepping ~*~*~tactically~*~*~ (water).
  5479 | D:7      | 5479 ||| Stepping ~*~*~tactically~*~*~ (water).
  5481 | D:7      | 5481 ||| Stepping ~*~*~tactically~*~*~ (water).
  5483 | D:7      | 5483 ||| Stepping ~*~*~tactically~*~*~ (water).
  5485 | D:7      | 5485 ||| Stepping ~*~*~tactically~*~*~ (water).
  5487 | D:7      | 5487 ||| Stepping ~*~*~tactically~*~*~ (water).
  5489 | D:7      | 5489 ||| Stepping ~*~*~tactically~*~*~ (water).
  5491 | D:7      | 5491 ||| Stepping ~*~*~tactically~*~*~ (water).
  5493 | D:7      | 5493 ||| Stepping ~*~*~tactically~*~*~ (water).
  5495 | D:7      | 5495 ||| Stepping ~*~*~tactically~*~*~ (water).
  5497 | D:7      | 5497 ||| Stepping ~*~*~tactically~*~*~ (water).
  5499 | D:7      | 5499 ||| Stepping ~*~*~tactically~*~*~ (water).
  5501 | D:7      | 5501 ||| Stepping ~*~*~tactically~*~*~ (water).
  5503 | D:7      | 5503 ||| Stepping ~*~*~tactically~*~*~ (water).
  5505 | D:7      | 5505 ||| Stepping ~*~*~tactically~*~*~ (water).
  5507 | D:7      | 5507 ||| Stepping ~*~*~tactically~*~*~ (water).
  5509 | D:7      | 5509 ||| Stepping ~*~*~tactically~*~*~ (water).
  5511 | D:7      | 5511 ||| Stepping ~*~*~tactically~*~*~ (water).
  5513 | D:7      | 5513 ||| Stepping ~*~*~tactically~*~*~ (water).
  5515 | D:7      | 5515 ||| Stepping ~*~*~tactically~*~*~ (water).
  5517 | D:7      | 5517 ||| Stepping ~*~*~tactically~*~*~ (water).
  5519 | D:7      | 5519 ||| Stepping ~*~*~tactically~*~*~ (water).
  5521 | D:7      | 5521 ||| Stepping ~*~*~tactically~*~*~ (water).
  5523 | D:7      | 5523 ||| Stepping ~*~*~tactically~*~*~ (water).
  5525 | D:7      | 5525 ||| Stepping ~*~*~tactically~*~*~ (water).
  5527 | D:7      | 5527 ||| Stepping ~*~*~tactically~*~*~ (water).
  5529 | D:7      | 5529 ||| Stepping ~*~*~tactically~*~*~ (water).
  5531 | D:7      | 5531 ||| Stepping ~*~*~tactically~*~*~ (water).
  5533 | D:7      | 5533 ||| Stepping ~*~*~tactically~*~*~ (water).
  5535 | D:7      | 5535 ||| Stepping ~*~*~tactically~*~*~ (water).
  5537 | D:7      | 5537 ||| Stepping ~*~*~tactically~*~*~ (water).
  5539 | D:7      | 5539 ||| Stepping ~*~*~tactically~*~*~ (water).
  5541 | D:7      | 5541 ||| Stepping ~*~*~tactically~*~*~ (water).
  5543 | D:7      | 5543 ||| Stepping ~*~*~tactically~*~*~ (water).
  5545 | D:7      | 5545 ||| Stepping ~*~*~tactically~*~*~ (water).
  5547 | D:7      | 5547 ||| Stepping ~*~*~tactically~*~*~ (water).
  5549 | D:7      | 5549 ||| Stepping ~*~*~tactically~*~*~ (water).
  5551 | D:7      | 5551 ||| Stepping ~*~*~tactically~*~*~ (water).
  5553 | D:7      | 5553 ||| Stepping ~*~*~tactically~*~*~ (water).
  5555 | D:7      | 5555 ||| Stepping ~*~*~tactically~*~*~ (water).
  5557 | D:7      | 5557 ||| Stepping ~*~*~tactically~*~*~ (water).
  5559 | D:7      | 5559 ||| Stepping ~*~*~tactically~*~*~ (water).
  5561 | D:7      | 5561 ||| Stepping ~*~*~tactically~*~*~ (water).
  5563 | D:7      | 5563 ||| Stepping ~*~*~tactically~*~*~ (water).
  5565 | D:7      | 5565 ||| Stepping ~*~*~tactically~*~*~ (water).
  5567 | D:7      | 5567 ||| Stepping ~*~*~tactically~*~*~ (water).
  5569 | D:7      | 5569 ||| Stepping ~*~*~tactically~*~*~ (water).
  5571 | D:7      | 5571 ||| Stepping ~*~*~tactically~*~*~ (water).
  5573 | D:7      | 5573 ||| Stepping ~*~*~tactically~*~*~ (water).
  5575 | D:7      | 5575 ||| Stepping ~*~*~tactically~*~*~ (water).
  5577 | D:7      | 5577 ||| Stepping ~*~*~tactically~*~*~ (water).
  5579 | D:7      | 5579 ||| Stepping ~*~*~tactically~*~*~ (water).
  5581 | D:7      | 5581 ||| Stepping ~*~*~tactically~*~*~ (water).
  5583 | D:7      | 5583 ||| Stepping ~*~*~tactically~*~*~ (water).
  5585 | D:7      | 5585 ||| Stepping ~*~*~tactically~*~*~ (water).
  5587 | D:7      | 5587 ||| Stepping ~*~*~tactically~*~*~ (water).
  5589 | D:7      | 5589 ||| Stepping ~*~*~tactically~*~*~ (water).
  5591 | D:7      | 5591 ||| Stepping ~*~*~tactically~*~*~ (water).
  5593 | D:7      | 5593 ||| Stepping ~*~*~tactically~*~*~ (water).
  5595 | D:7      | 5595 ||| Stepping ~*~*~tactically~*~*~ (water).
  5597 | D:7      | 5597 ||| Stepping ~*~*~tactically~*~*~ (water).
  5599 | D:7      | 5599 ||| Stepping ~*~*~tactically~*~*~ (water).
  5601 | D:7      | 5601 ||| Stepping ~*~*~tactically~*~*~ (water).
  5603 | D:7      | 5603 ||| Stepping ~*~*~tactically~*~*~ (water).
  5605 | D:7      | 5605 ||| Stepping ~*~*~tactically~*~*~ (water).
  5607 | D:7      | 5607 ||| Stepping ~*~*~tactically~*~*~ (water).
  5609 | D:7      | 5609 ||| Stepping ~*~*~tactically~*~*~ (water).
  5611 | D:7      | 5611 ||| Stepping ~*~*~tactically~*~*~ (water).
  5613 | D:7      | 5613 ||| Stepping ~*~*~tactically~*~*~ (water).
  5615 | D:7      | 5615 ||| Stepping ~*~*~tactically~*~*~ (water).
  5617 | D:7      | 5617 ||| Stepping ~*~*~tactically~*~*~ (water).
  5618 | D:7      | 5618 ||| PLANNING D:1-11
  5618 | D:7      | 5618 ||| Stepping ~*~*~tactically~*~*~ (water).
  5620 | D:7      | 5620 ||| Stepping ~*~*~tactically~*~*~ (water).
  5622 | D:7      | 5622 ||| Stepping ~*~*~tactically~*~*~ (water).
  5624 | D:7      | 5624 ||| PLANNING D:1-11
  5624 | D:7      | 5624 ||| Stepping ~*~*~tactically~*~*~ (water).
  5626 | D:7      | 5626 ||| Stepping ~*~*~tactically~*~*~ (water).
  5628 | D:7      | 5628 ||| Stepping ~*~*~tactically~*~*~ (water).
  5630 | D:7      | 5630 ||| Stepping ~*~*~tactically~*~*~ (water).
  5632 | D:7      | 5632 ||| Stepping ~*~*~tactically~*~*~ (water).
  5634 | D:7      | 5634 ||| Stepping ~*~*~tactically~*~*~ (water).
  5636 | D:7      | 5636 ||| Stepping ~*~*~tactically~*~*~ (water).
  5638 | D:7      | 5638 ||| Stepping ~*~*~tactically~*~*~ (water).
  5640 | D:7      | 5640 ||| Stepping ~*~*~tactically~*~*~ (water).
  5642 | D:7      | 5642 ||| Stepping ~*~*~tactically~*~*~ (water).
  5644 | D:7      | 5644 ||| Stepping ~*~*~tactically~*~*~ (water).
  5646 | D:7      | 5646 ||| Stepping ~*~*~tactically~*~*~ (water).
  5648 | D:7      | 5648 ||| Stepping ~*~*~tactically~*~*~ (water).
  5650 | D:7      | 5650 ||| Stepping ~*~*~tactically~*~*~ (water).
  5652 | D:7      | 5652 ||| Stepping ~*~*~tactically~*~*~ (water).
  5654 | D:7      | 5654 ||| Stepping ~*~*~tactically~*~*~ (water).
  5656 | D:7      | 5656 ||| Stepping ~*~*~tactically~*~*~ (water).
  5658 | D:7      | 5658 ||| Stepping ~*~*~tactically~*~*~ (water).
  5660 | D:7      | 5660 ||| Stepping ~*~*~tactically~*~*~ (water).
  5662 | D:7      | 5662 ||| Stepping ~*~*~tactically~*~*~ (water).
  5664 | D:7      | 5664 ||| Stepping ~*~*~tactically~*~*~ (water).
  5665 | D:7      | 5665 ||| PLANNING D:1-11
  5665 | D:7      | 5665 ||| PLANNING D:1-11
  5671 | D:7      | Noticed Joseph
  5674 | D:7      | 5674 ||| INVOKING Heroism.
  5678 | D:7      | HP: 9/49 [Joseph/+1 spectral quarterstaff (10)]
  5678 | D:7      | HP: 1/49 [+1 spectral quarterstaff[Joseph] (8)]
  5679 | D:7      | 5679 ||| READING 3 scrolls of teleportation.
  5679 | D:7      | Slain by a +1 spectral quarterstaff

Levels and vault maps discovered:
D:1:      grunt_arrival_crossed_arrows, layout_loops_ring,
          chequers_serial_rivers_small_3, minmay_split_cup_large
D:2:      layout_basic, reono_crystal_passage, kennysheep_jessica_study
D:3:      layout_loops_corners, nicolae_uskayaw_en_pointe
D:4:      layout_layer_cave, mainiacjoe_overflow_surrounded_room,
          temple_fountains, serial_park_tiny_2, grunt_ministairs_13,
          grunt_decor_fettered
D:5:      layout_loops_cross, uniq_eustachio
D:6:      layout_basic, nicolae_ru_great_annihilating_truth, uniq_grinder
D:7:      layout_basic, marbit_many_paths, enter_bailey_3, guppyfry_shop_venom,
          uniq_joseph, uniq_maggie
Temple:   minmay_freezing_vapour_temple

Skill      XL: |  1  2  3  4  5  6  7  8 |
---------------+-------------------------+-----
Axes           | 2 3 4 5 6 7 |  7.3
Fighting       | 4 5 |  5.1
Throwing       | 1 2 |  2.6
Armour         | 4 5 |  5.2
Invocations    | 2 4 |  4.1
Dodging        | 1 |  1.2
Shields        | |  3.2

Action                     |  1- 3 |  4- 6 |  7- 9 || total
---------------------------+-------+-------+-------++-------
  Melee: War axe           |    73 |   136 |   127 ||   336
  Throw: Javelin           |       |    11 |    14 ||    25
         Boomerang         |       |       |     2 ||     2
 Invoke: Heroism           |       |       |     9 ||     9
    Use: Scroll            |     3 |     5 |     3 ||    11
         Potion            |     1 |     4 |     1 ||     6
   Stab: Invisible         |       |       |     1 ||     1
         Paralysed         |       |       |     1 ||     1
 Armour: Scale mail        |    16 |       |       ||    16
         Plate armour      |    29 |   103 |   374 ||   506
  Dodge: Dodged            |    18 |    31 |   139 ||   188
  Block: Buckler           |    16 |    22 |    97 ||   135

Table legend:
 A = Non-vault XP
 B = Vault XP
 C = Vault XP percentage of total XP
 D = Non-vault monster count
 E = Vault monster count
 F = Vault count percentage of total count
                 A         B        C        D         E       F
            +---------+---------+-------+---------+---------+-------
      Total |    1694 |     562 |  24.9 |      79 |      18 |  18.6
            +---------+---------+-------+---------+---------+-------
        D:1 |      24 |       6 |  20.0 |       6 |       4 |  40.0
        D:2 |      48 |      39 |  44.8 |      18 |       2 |  10.0
        D:3 |      72 |       0 |   0.0 |      15 |       0 |   0.0
        D:4 |      60 |      10 |  14.3 |      10 |       2 |  16.7
        D:5 |     549 |     196 |  26.3 |      17 |       1 |   5.6
        D:6 |     614 |     304 |  33.1 |       9 |       5 |  35.7
        D:7 |     327 |       7 |   2.1 |       4 |       4 |  50.0
            +---------+---------+-------+---------+---------+-------
